 Dungeon Crawl Stone Soup version 0.30.0-17-ge0270778cf (webtiles) character file.

Game seed: 1050194035124235738

196289 monsoonserge the Brawler (level 18, -15/169 HPs)
             Began as a Troll Fighter on May 22, 2023.
             Was the Champion of Qazlal.
             Demolished by a naga warrior
             ... wielding a +0 mace
              (39 damage)
             ... on level 4 of the Snake Pit on May 23, 2023.
             The game lasted 03:04:41 (29520 turns).

monsoonserge the Brawler (Troll Fighter)           Turns: 29520, Time: 03:04:41

Health: -15/169    AC: 26    Str: 33    XL:     18   Next: 15%
Magic:  24/24      EV:  3    Int:  4    God:    Qazlal [******]
Gold:   4188       SH: 22    Dex:  9    Spells: 17/17 levels left

rFire   + +          .
                       - Unarmed
rCold   + . .        b - +2 kite shield {reflect}
rNeg    + . .        M - +4 gold dragon scales "Sydd" {Harm rPois rF+ rC+ Str-2 Stlth+}
rPois   +            (helmet restricted)
rElec   .            g - scarf {+Inv}
rCorr   +            (gloves unavailable)
SInv    +            (boots unavailable)
Will    +++..        r - amulet "Okemopn" {RegenMP Fragile rF+ rN+ Will++} Stlth
                     P - ring of resist corrosion
HPRegen 1.28/turn    Z - +4 ring of slaying
MPRegen 0.59/turn

%: harm (+30% outgoing, +20% incoming), repel missiles, reflection
@: lethally poisoned (-15 -> -16), about to teleport, protected from physical
damage, constricted
A: large, unfitting armour, claws 3, regeneration 1, shaggy fur 1, tough skin 1,
horns 1, talons 1, see invisible
a: Renounce Religion, Evoke Invisibility, Upheaval, Elemental Force, Disaster
Area


You were on level 4 of the Snake Pit.
You worshipped Qazlal.
Qazlal was exalted by your worship.
You visited 6 branches of the dungeon, and saw 29 of its levels.
You also visited: Sewer, Volcano and Desolation.

You collected 4361 gold pieces.
You spent 173 gold pieces at shops.

Inventory:

Missiles
 j - 38 poisoned darts (quivered)
 p - 2 throwing nets
 q - 6 curare-tipped darts
 s - 7 javelins
 I - 5 silver javelins
 O - 23 large rocks
 U - 5 silver boomerangs
 X - 5 boomerangs of dispersal
Armour
 b - a +2 kite shield of reflection (worn)
 g - a scarf of invisibility (worn)
 D - a +2 cloak of fire resistance
 M - the +4 gold dragon scales "Sydd" (worn) {Harm rPois rF+ rC+ Str-2 Stlth+}
   (You acquired it on level 13 of the Dungeon)

   Str:       It affects your strength (-2).
   rF:        It protects you from fire.
   rC:        It protects you from cold.
   rPois:     It protects you from poison.
   Harm:      It increases damage dealt and taken.
   Stlth:     It makes you more stealthy.
Jewellery
 r - the amulet "Okemopn" (around neck) {RegenMP Fragile rF+ rN+ Will++}
   (You found it on level 2 of the Dungeon)

   [amulet of magic regeneration]

   It increases your rate of magic regeneration.
   rF:        It protects you from fire.
   rN:        It protects you from negative energy.
   Fragile:   It will be destroyed if unequipped.
   Will:      It greatly increases your willpower.
 v - a ring of poison resistance
 L - a ring of flight
 P - a ring of resist corrosion (left claw)
 Z - a +4 ring of slaying (right claw)
Wands
 o - a wand of quicksilver (36)
 t - a wand of paralysis (25)
 x - a wand of mindburst (7)
 K - a wand of roots (32)
 N - a wand of polymorph (7)
Scrolls
 e - 3 scrolls of fear
 i - 4 scrolls of butterflies
 k - 5 scrolls of enchant weapon
 l - 8 scrolls of fog
 n - 6 scrolls of teleportation
 w - 3 scrolls of immolation
 y - a scroll of blinking
 A - 5 scrolls of magic mapping
 E - 7 scrolls of poison
 F - a scroll of identify
 H - 6 scrolls of enchant armour
 J - a scroll of torment
 V - a scroll of silence
Potions
 a - 2 potions of magic
 c - 6 potions of might
 d - 12 potions of curing
 f - 7 potions of flight
 h - 4 potions of ambrosia
 m - 11 potions of attraction
 u - 6 potions of haste
 z - 5 potions of mutation
 C - 4 potions of cancellation
 G - 2 potions of invisibility
 R - 4 potions of lignification
 W - 2 potions of berserk rage
 Y - 2 potions of heal wounds
Miscellaneous
 B - a phantom mirror
 Q - a piece from Xom's chessboard (15/15)
 S - a condenser vane
 T - a box of beasts


   Skills:
 * Level 8.5 Fighting
 * Level 4.1 Throwing
 + Level 10.0 Armour
 + Level 8.0 Dodging
 - Level 2.0 Stealth
 + Level 14.0 Shields
 * Level 20.5 Unarmed Combat
 + Level 10.0 Invocations
 + Level 6.0 Evocations


You had 17 spell levels left.
You didn't know any spells.
Your spell library contained the following spells:

 Spells                   Type           Power      Damage    Failure   Level
 Apportation              Tloc           0%         N/A       100%        1
 Freeze                   Ice            0%         1d3       100%        1
 Magic Dart               Conj           0%         1d3       100%        1
 Necrotise                Necr           0%         1d4       100%        1
 Summon Small Mammal      Summ           0%         N/A       100%        1
 Ensorcelled Hibernation  Hex/Ice        0%         N/A       100%        2
 Searing Ray              Conj           0%         2d4       100%        2
 Call Canine Familiar     Summ           0%         N/A       100%        3
 Dazzling Flash           Conj/Hex       0%         N/A       100%        3
 Frozen Ramparts          Ice            0%         1d1       100%        3
 Hailstorm                Conj/Ice       0%         3d3       100%        3
 Portal Projectile        Hex/Tloc       0%         N/A       100%        3
 Spider Form              Tmut/Pois      0%         N/A       100%        3
 Tukima's Dance           Hex            0%         N/A       100%        3
 Anguish                  Hex/Necr       0%         N/A       100%        4
 Fulminant Prism          Conj/Hex       0%         3d5       100%        4
 Passage of Golubria      Tloc           0%         N/A       100%        4
 Petrify                  Tmut/Erth      0%         N/A       100%        4
 Summon Ice Beast         Ice/Summ       0%         N/A       100%        4
 Agony                    Necr           0%         N/A       100%        5
 Blade Hands              Tmut           0%         N/A       100%        5
 Metabolic Englaciation   Hex/Ice        0%         N/A       100%        5
 Silence                  Hex/Air        0%         N/A       100%        5
 Summon Forest            Summ/Tloc      0%         N/A       100%        5
 Summon Mana Viper        Hex/Summ       0%         N/A       100%        5
 Statue Form              Tmut/Erth      0%         N/A       100%        6
 Summon Cactus Giant      Summ           0%         N/A       100%        6
 Lehudib's Crystal Spear  Conj/Erth      0%         10d2      100%        8
 Summon Horrible Things   Summ           0%         N/A       100%        8


Dungeon Overview and Level Annotations

Branches:
Dungeon (15/15)            Temple (1/1) D:5            Lair (5/5) D:8
  Swamp (0/4) Lair:3        Snake (4/4) Lair:2        Slime (0/5) Lair:5
    Orc (2/2) D:10            Elf (2/3) Orc:2        Vaults (0/5) D:13
 Depths (0/4) D:15          Sewer (visited)         Volcano (visited)
Desolation (visited)

Altars:
Ashenzari
Cheibriados
Dithmenos
Elyvilon
Fedhas
Gozag
Hepliaklqana
Kikubaaqudgha
Makhleb
Nemelex Xobeh
Okawaru
Qazlal
Ru
Sif Muna
Trog
Uskayaw
Vehumet
Wu Jian
Xom
Yredelemnul
Zin
The Shining One
Jiyva

Shops:
D:7 (   D:10 (   D:12 [   D:14 *   D:15 [   Orc:1 *   Orc:2 !(**   Elf:1 =
Elf:2 !

Portals:
Hell: Lair:5

Annotations:
Elf:2 Roxanne


Innate Abilities, Weirdness & Mutations

You are too large for most types of armour.
You have claws for hands.
Your natural rate of healing is unusually fast.
You are covered in fur. (AC +1)
You have tough skin. (AC +1)
You have a pair of small horns on your head.
You have sharp toenails.
You have supernaturally acute eyesight. (SInv)


Message History

You block the nagaraja's attack. The nagaraja grabs you.
The nagaraja constricts you.
* * * LOW HITPOINT WARNING * * *
The naga warrior roars a battlecry!
The nagaraja goes into a battle-frenzy!
The black mamba bites you!
* * * LOW HITPOINT WARNING * * *
Unknown command.
Press: ? - help, v - describe, . - travel, g - get item
Here: a nagaraja, wielding a +0 whip and wearing a +0 robe (lightly wounded, constricting you, fast, strong, very poisoned) Item here: a +0 glaive.
The floor, spattered with blood.
Unknown command.
You eviscerate the nagaraja!!!
The nagaraja is almost dead.
You feel sick.
You hear a shout!
You block the guardian serpent's attack.
The black mamba is engulfed in freezing vapours.
The black mamba seems to slow down.
The black mamba bites you but does no damage.
The nagaraja hits you with a +0 whip.
* * * LOW HITPOINT WARNING * * *
The nagaraja constricts you.
* * * LOW HITPOINT WARNING * * *
The naga warrior hits you with a +0 mace!
* * * LOW HITPOINT WARNING * * *
You feel more protected from physical attacks.
The guardian serpent casts a spell at you.
The bolt of poison hits you! You resist.
* * * LOW HITPOINT WARNING * * *
You feel much better.
You feel sick.
The nagaraja points at you and mumbles some strange words.
You resist with almost no effort. The nagaraja constricts you.
* * * LOW HITPOINT WARNING * * *
The black mamba is engulfed in freezing vapours.
The black mamba seems to slow down.
You block the black mamba's attack.
You block the guardian serpent's attack.
The naga warrior hits you with a +0 mace!!
You die...

#### ####.##..# # .###.. ...##
#.##..#.## ### .#..## #.#...#..#
.###.####.#......# ##
.........#....########. .##
.......##...###S.N.NS.S ###[.##
..........###.°§)SN.NS. ###.)....
........##<#..§N#########.#)####.
##.....##..#..○.@S☼....##..<###
###......####..SN)......#...[[###
.##.........#######)....##.##)...
.####..#....# #...)#.#####......
.# ####...##..#.##..###.####..).
.## #.......#.#...)..###.....)
..######..####.#.....###..)).....
..........# #(#..##.#..........
..........#######..##....##.#....


You could see a nagaraja (fast, strong, very poisoned), a naga warrior (strong,
very poisoned), 2 guardian serpents and a black mamba (slow).

Vanquished Creatures
  Saint Roka (Snake:3)
  Rupert (Lair:2)
  Asterion (Snake:4)
  5 nagarajas (Snake:4)
  A frost giant (D:15)
  The ghost of Dordric the Warrior, a journeyman OgBe of Trog (Lair:4)
  The ghost of Anwafrug the Cleaver, a journeyman MiBe of Trog (Orc:1)
  2 imperial myrmidons (Desolation)
  A deep elf demonologist (Elf:1)
  A halazid warlock (Desolation)
  Snorg (Lair:4)
  A deep elf death mage (Elf:1)
  2 fire dragons
  Erolcha (D:9)
  4 peacekeepers (Desolation)
  6 hydras
  2 salamander tyrants
  A catoblepas (D:15)
  16 anacondas
  6 two-headed ogres
  A servant of whispers (Elf:2)
  4 vault guards (D:13)
  Erica (Lair:1)
  10 centaur warriors
  3 death yaks (Lair:5)
  A death knight (D:14)
  7 boulder beetles
  5 tengu warriors
  7 naga warriors
  Urug (D:13)
  4 dancing weapons
  A shock serpent (shapeshifter) (D:14)
  11 naga sharpshooters
  A hell knight (Volcano)
  5 orc high priests
  Sonja (Lair:3)
  8 shock serpents
  6 deep elf knights
  A fire crab (shapeshifter) (D:13)
  2 skysharks
  4 salamander mystics
  A sixfirhy (Lair:5)
  2 sea snakes (Snake:1)
  6 naga ritualists
  6 deep elf archers
  A wizard (Lair:5)
  Pikel (D:5)
  3 orc knights
  14 mana vipers
  16 deep elf pyromancers
  18 deep elf zephyrmancers
  6 lindwurms
  13 salamanders
  5 cyclopes
  4 orc sorcerers
  14 ugly things
  2 manticores
  17 elephants
  A moth of wrath (Lair:4)
  35 black mambas
  8 guardian serpents
  A demonic crawler (Lair:4)
  A gargoyle (D:13)
  17 naga magi
  Maggie (D:6)
  A smoke demon (Volcano)
  3 orange demons (Lair:5)
  2 unseen horrors
  6 rime drakes
  10 cane toads
  An efreet (D:13)
  5 kobold demonologists
  2 freezing wraiths (D:14)
  2 ice devils (Lair:5)
  11 komodo dragons
  2 hornets (D:9)
  8 trolls
  A hellwing (Lair:5)
  A polar bear (shapeshifter) (Elf:2)
  2 red devils (Volcano)
  21 saltlings
  20 blink frogs
  6 dream sheep
  11 slime creatures
  5 shadows
  6 wraiths
  4 wyverns
  41 yaks
  An air elemental (Elf:1)
  A water elemental (Elf:1)
  6 basilisks
  5 steam dragons
  3 wargs
  Menkaure (D:6)
  12 vampire mosquitoes
  3 swamp worms (Lair:4)
  13 water moccasins
  40 nagas
  3 acid dragons
  5 hell hounds
  29 orc warriors
  A swamp drake (Lair:3)
  3 ice beasts
  2 black bears
  11 ogres
  14 centaurs
  5 phantoms
  A lemure (D:5)
  2 kobold brigands
  11 bullfrogs
  A gnoll sergeant (D:10)
  A scorpion (D:5)
  10 wights
  2 troll zombies (D:10)
  3 killer bees (D:9)
  A howler monkey (D:6)
  A bullfrog zombie (D:4)
  3 hounds
  25 orc priests
  2 sleepcaps
  A scorpion zombie (D:4)
  Terence (D:2)
  6 hell rats (Lair:3)
  4 iguanas
  29 orc wizards
  6 ogre zombies (D:10)
  A hound zombie (D:4)
  A hound skeleton (D:4)
  Robin (D:2)
  6 gnolls
  A howler monkey skeleton (D:4)
  5 river rats (Sewer)
  14 adders
  A shadow imp (D:6)
  2 ufetubi (D:7)
  An adder zombie (D:4)
  3 worms
  2 dart slugs
  70 orcs
  16 ball pythons
  10 bats
  4 endoplasms
  9 giant cockroaches
  10 goblins
  9 hobgoblins
  8 jackals
  2 quokkas
  3 goblin zombies (D:10)
  A hobgoblin skeleton (D:10)
  2 hobgoblin zombies (D:10)
  15 kobolds
  3 orc skeletons (D:10)
  16 orc zombies (D:10)
  A quokka zombie (D:4)
  5 rats
993 creatures vanquished.

Vanquished Creatures (collateral kills)
  2 slime creatures (D:12)
2 creatures vanquished.

Vanquished Creatures (others)
  A deep elf knight (Elf:2)
1 creature vanquished.

Grand Total: 996 creatures vanquished

Notes
Turn   | Place    | Note
-------+----------+-------------------------------------------
     0 | D:1      | monsoonserge the Troll Fighter began the quest for the Orb.
     0 | D:1      | Reached XP level 1. HP: 22/22 MP: 0/0
   419 | D:1      | Reached XP level 2. HP: 29/29 MP: 1/1
   866 | D:2      | Noticed Robin
   907 | D:2      | Killed Robin
   908 | D:2      | Reached XP level 3. HP: 31/36 MP: 2/2
  1169 | D:2      | Noticed Terence
  1183 | D:2      | Killed Terence
  1184 | D:2      | Reached skill level 3 in Unarmed Combat
  1184 | D:2      | Reached XP level 4. HP: 38/44 MP: 3/3
  1194 | D:2      | Found a stormy altar of Qazlal.
  1222 | D:2      | Identified the amulet "Okemopn" {RegenMP Fragile rF+ rN+
                  | Will++}
  1677 | D:2      | Became a worshipper of Qazlal Stormbringer
  2419 | D:3      | Found a glowing drain.
  2444 | Sewer    | Entered a sewer
  2463 | Sewer    | Reached XP level 5. HP: 50/52 MP: 4/4
  2506 | Sewer    | Reached * piety under Qazlal
  2507 | Sewer    | Reached skill level 1 in Evocations
  3225 | D:4      | Found a hide-covered altar of Uskayaw.
  3290 | D:4      | Reached XP level 6. HP: 37/59 MP: 5/5
  3318 | D:4      | Noticed a +0 dagger
  3395 | D:4      | Reached ** piety under Qazlal
  3404 | D:4      | Reached skill level 4 in Unarmed Combat
  3479 | D:4      | Found a glowing golden altar of the Shining One.
  3635 | D:4      | Reached skill level 1 in Invocations
  3635 | D:4      | Reached XP level 7. HP: 67/67 MP: 6/6
  3641 | D:4      | Noticed a +0 hand axe
  3904 | D:4      | Found an ornate altar of the Wu Jian Council.
  4028 | D:5      | Entered Level 5 of the Dungeon
  4076 | D:5      | Reached skill level 5 in Unarmed Combat
  4148 | D:5      | Found a staircase to the Ecumenical Temple.
  4157 | Temple   | Entered the Ecumenical Temple
  4484 | D:5      | Reached XP level 8. HP: 75/75 MP: 8/8
  4579 | D:5      | Noticed Pikel
  4586 | D:5      | Reached *** piety under Qazlal
  4592 | D:5      | Killed Pikel
  4593 | D:5      | Reached skill level 5 in Shields
  4593 | D:5      | Reached skill level 6 in Unarmed Combat
  4785 | D:5      | Reached skill level 1 in Stealth
  4925 | D:6      | Reached skill level 7 in Unarmed Combat
  5033 | D:6      | Found a burning altar of Makhleb.
  5073 | D:6      | Noticed Menkaure
  5084 | D:6      | Reached XP level 9. HP: 24/82 MP: 10/10
  5088 | D:6      | Noticed Maggie
  5095 | D:6      | Killed Menkaure
  5099 | D:6      | Killed Maggie
  5100 | D:6      | Reached skill level 5 in Dodging
  5100 | D:6      | Reached skill level 8 in Unarmed Combat
  5206 | D:6      | Found a white marble altar of Elyvilon.
  5933 | D:7      | Found Kaniry's Antique Weapon Emporium.
  6881 | D:8      | Reached skill level 9 in Unarmed Combat
  7022 | D:8      | Reached XP level 10. HP: 88/91 MP: 12/12
  7219 | D:8      | Found a staircase to the Lair.
  7461 | D:8      | Found a bloodstained altar of Trog.
  7652 | D:9      | Noticed Erolcha
  7746 | D:9      | Reached skill level 5 in Invocations
  7815 | D:9      | Reached **** piety under Qazlal
  7855 | D:9      | Killed Erolcha
  7856 | D:9      | Reached skill level 10 in Unarmed Combat
  7902 | D:9      | Identified the +11 rapier of Contention {vamp, rElec rF+++
                  | Dex-2 SInv}
  8156 | D:9      | Reached skill level 11 in Unarmed Combat
  8206 | D:9      | Reached XP level 11. HP: 98/98 MP: 14/14
  8309 | D:9      | Reached skill level 1 in Armour
  8323 | D:9      | Noticed a two-headed ogre
  8330 | D:9      | Killed a two-headed ogre
  8339 | D:9      | Noticed a two-headed ogre
  8362 | D:9      | Killed a two-headed ogre
  8445 | D:9      | Noticed a white ugly thing
  8450 | D:9      | Killed a white ugly thing
  8522 | D:9      | Paralysed by a hornet for 1 turns
  8546 | D:9      | Noticed a two-headed ogre
  8555 | D:9      | Killed a two-headed ogre
  8709 | D:9      | Noticed a four-headed hydra
  8709 | D:9      | Noticed a two-headed ogre
  8714 | D:9      | Killed a two-headed ogre
  8716 | D:9      | Killed a five-headed hydra
  8717 | D:9      | Reached skill level 12 in Unarmed Combat
  8717 | D:9      | Noticed a boulder beetle
  8763 | D:9      | Killed a boulder beetle
  8877 | D:9      | Found a shimmering blue altar of Sif Muna.
  9008 | D:10     | Entered Level 10 of the Dungeon
  9109 | D:10     | Reached XP level 12. HP: 86/107 MP: 16/16
  9245 | D:10     | Found a staircase to the Orcish Mines.
  9356 | D:10     | Found Qologgish's Antique Weapon Shoppe.
  9901 | D:11     | Noticed a two-headed ogre
  9922 | D:11     | Killed a two-headed ogre
  9924 | D:11     | Reached skill level 1 in Throwing
  9928 | D:11     | Reached ***** piety under Qazlal
 10017 | D:11     | Noticed a boulder beetle
 10028 | D:11     | Killed a boulder beetle
 10029 | D:11     | Reached skill level 13 in Unarmed Combat
 10436 | D:12     | Noticed a two-headed ogre
 10449 | D:12     | Killed a two-headed ogre
 10492 | D:12     | Noticed a boulder beetle
 10512 | D:12     | Killed a boulder beetle
 10913 | D:12     | Noticed a boulder beetle
 10929 | D:12     | Killed a boulder beetle
 10987 | D:12     | Noticed a centaur warrior
 10998 | D:12     | Killed a centaur warrior
 11022 | D:12     | Found Sonwune's Specialty Armours.
 11286 | D:13     | Noticed a tengu warrior
 11300 | D:13     | Noticed a tengu warrior
 11344 | D:13     | Noticed Urug
 11372 | D:13     | Noticed a boulder beetle
 11390 | D:13     | Killed a boulder beetle
 11439 | D:13     | Reached XP level 13. HP: 114/114 MP: 17/17
 11531 | Orc:1    | Entered Level 1 of the Orcish Mines
 11532 | Orc:1    | Found Labbiexa's General Store.
 11773 | Orc:1    | Noticed Anwafrug's ghost (journeyman MiBe)
 11789 | Orc:1    | Found a transporter.
 11961 | Orc:1    | Reached skill level 14 in Unarmed Combat
 12140 | Orc:1    | Found a transporter.
 12212 | Orc:2    | Entered Level 2 of the Orcish Mines
 12238 | Orc:2    | Found a staircase to the Elven Halls.
 12709 | Lair:1   | Entered Level 1 of the Lair of Beasts
 12950 | Lair:1   | Noticed Erica
 12974 | Lair:1   | Killed Erica
 13572 | Lair:2   | Reached skill level 10 in Shields
 13669 | Lair:2   | Found a staircase to the Snake Pit.
 14651 | Lair:3   | Found a staircase to the Swamp.
 14757 | Lair:3   | Found a dark tunnel.
 14765 | Volcano  | Entered a volcano
 14893 | Volcano  | Reached skill level 5 in Armour
 14893 | Volcano  | Reached skill level 15 in Unarmed Combat
 15321 | Lair:3   | Noticed Sonja
 15330 | Lair:3   | Killed Sonja
 15881 | Lair:4   | Gained mutation: You are frail. (-10% HP) [potion of
                  | mutation]
 15881 | Lair:4   | Gained mutation: You are agile. (Dex +4, Str/Int -1)
                  | [potion of mutation]
 15881 | Lair:4   | Gained mutation: You are somewhat resistant to further
                  | mutation. [potion of mutation]
 15882 | Lair:4   | Lost mutation: You are frail. (-10% HP) [potion of
                  | mutation]
 15882 | Lair:4   | Lost mutation: You are somewhat resistant to further
                  | mutation. [potion of mutation]
 15882 | Lair:4   | Lost mutation: You are agile. (Dex +4, Str/Int -1) [potion
                  | of mutation]
 15882 | Lair:4   | Gained mutation: You have sharp toenails. [potion of
                  | mutation]
 15882 | Lair:4   | Gained mutation: You have a pair of small horns on your
                  | head. [potion of mutation]
 15882 | Lair:4   | Gained mutation: You have supernaturally acute eyesight.
                  | (SInv) [potion of mutation]
 15915 | Lair:4   | Noticed Snorg
 15925 | Lair:4   | Killed Snorg
 15929 | Lair:4   | Reached XP level 14. HP: 105/124 MP: 19/19
 16026 | Lair:4   | Found a runed translucent gate.
 16026 | Lair:4   | Found a runed translucent gate.
 16026 | Lair:4   | Found a runed translucent gate.
 16026 | Lair:4   | Noticed Dordric's ghost (journeyman OgBe)
 16282 | Snake:1  | Entered Level 1 of the Snake Pit
 16282 | Snake:1  | Noticed Rupert
 16842 | Orc:2    | Found Jetay's Distillery.
 16842 | Orc:2    | Found Ytic's Weapon Shoppe.
 16843 | Orc:2    | Found Faezuo's Assorted Antiques.
 16846 | Orc:2    | Found Yruanop's Assorted Antiques.
 16852 | Orc:2    | Bought a scroll labelled BOHUOZ RIOLE for 26 gold pieces
 16915 | Orc:2    | Reached ****** piety under Qazlal
 17293 | Orc:2    | Bought a scroll labelled KIPSIXOLOJ for 27 gold pieces
 17423 | D:13     | Killed Urug
 17631 | D:13     | Identified the +6 longbow of the Lettuce {heavy, rF+}
 17704 | D:13     | Reached skill level 16 in Unarmed Combat
 17815 | D:13     | Reached skill level 5 in Fighting
 17857 | D:13     | Found a gate to the Vaults.
 17904 | D:13     | Reached skill level 5 in Evocations
 18010 | D:13     | Identified 2 scrolls of acquirement
 18028 | D:13     | Acquired the +4 gold dragon scales "Sydd" {Harm rPois rF+
                  | rC+ Str-2 Stlth+}
 18043 | D:13     | Acquired 931 gold pieces
 18302 | D:14     | Identified the +2 robe of Hedge Wizardry {+Blink rF++ Will-
                  | Int+3}
 18941 | D:14     | Found Ysotz's General Store.
 19214 | D:15     | Entered Level 15 of the Dungeon
 19369 | D:15     | Reached XP level 15. HP: 128/136 MP: 20/20
 19866 | D:15     | Found a shimmering blue altar of Sif Muna.
 19896 | D:15     | Found Zerod's Armour Shop.
 19990 | D:15     | Noticed a frost giant
 19998 | D:15     | Killed a frost giant
 20079 | D:15     | Found a staircase to the Depths.
 20358 | Orc:1    | Killed Anwafrug's ghost
 20408 | Elf:1    | Entered Level 1 of the Elven Halls
 20686 | Elf:1    | Reached skill level 17 in Unarmed Combat
 21052 | Elf:1    | Found Toofiokh's Jewellery Boutique.
 21237 | Elf:1    | Paralysed by an air elemental for 1 turns
 21239 | Elf:1    | Paralysed by an air elemental for 1 turns
 21685 | Elf:2    | Found Jiqij's Distillery.
 21692 | Elf:2    | Bought a potion of heal wounds for 60 gold pieces
 21692 | Elf:2    | Bought a potion of berserk rage for 60 gold pieces
 21865 | Elf:2    | Found a crumbling gateway.
 21871 | Elf:2    | Identified the +0 ring mail "Beanlone" {rCorr Dex+3 SInv}
 21875 | Desolati | Entered the Desolation of Salt
 21880 | Desolati | Reached XP level 16. HP: 129/144 MP: 22/22
 22106 | Desolati | HP: 5/145 [barbs]
 22113 | Desolati | HP: 7/145 [barbs]
 22397 | Elf:2    | Noticed Roxanne
 22582 | Lair:5   | Entered Level 5 of the Lair of Beasts
 22595 | Lair:5   | Reached skill level 18 in Unarmed Combat
 22961 | Lair:4   | Identified the staff of poison "Qouhueh" {rPois rC+ rN+}
 23207 | Lair:4   | Killed Dordric's ghost
 23817 | Lair:5   | Found a viscous altar of Jiyva.
 23818 | Lair:5   | Found a staircase to the Slime Pits.
 24616 | Lair:5   | Found a burning altar of Makhleb.
 24621 | Lair:5   | Found a gateway to Hell.
 25089 | Lair:2   | Killed Rupert
 25458 | Snake:1  | Acquired 414 gold pieces
 26179 | Snake:1  | Reached XP level 17. HP: 156/156 MP: 23/23
 26235 | Snake:2  | Reached skill level 10 in Invocations
 26410 | Snake:2  | Reached skill level 19 in Unarmed Combat
 27450 | Snake:3  | Noticed Saint Roka
 28363 | Snake:3  | Killed Saint Roka
 28945 | Snake:4  | Entered Level 4 of the Snake Pit
 28967 | Snake:4  | Noticed Asterion
 29074 | Snake:3  | Reached skill level 20 in Unarmed Combat
 29297 | Snake:4  | Killed Asterion
 29440 | Snake:4  | Reached XP level 18. HP: 157/169 MP: 24/24
 29474 | Snake:4  | Reached skill level 10 in Armour
 29519 | Snake:4  | HP: 5/169 [guardian serpent/bolt of poison (8)]
 29520 | Snake:4  | Demolished by a naga warrior

Illustrated notes

Levels and vault maps discovered:
D:1:      dpeg_arrival_boxes_within_box, layout_loops_corners,
          roderic_roman_lattice
D:2:      layout_basic, basic_altar, uniq_terence, uniq_robin
D:3:      layout_loops_ring, gup_sewer_entry_bubbles
D:4:      layout_cave_pools, nicolae_tso_carved_into_rock,
          dancing_weapons_uskayaw, nzn_wu_jian_contemplation, serial_undead,
          serial_undead_a, serial_undead_b, serial_undead_d, serial_undead_e
D:5:      layout_basic, temple_green, uniq_pikel
D:6:      layout_basic, elyvilon_altar_3, lightli_temple_of_fire,
          hangedman_decor_slide_cut, uniq_menkaure, uniq_maggie
D:7:      layout_basic, serial_shops, shop, nrook_mini_backslash,
          grunt_ministairs_15
D:8:      minmay_general_purpose_star, layout_loops_ring, trog_antimagical,
          david_lair_shrubbed
D:9:      minmay_quarter_circles, layout_basic, kennysheep_little_box,
          serial_curves, eino_curves_03, eino_curves_04,
          kennysheep_generic_room_16, uniq_erolcha
D:10:     layout_basic, zombieorc2_lemuel, serial_shops, shop
D:11:     layout_cave_pools
D:12:     layout_rooms, nicolae_barding_shop
D:13:     layout_cave_pools, lightli_vaults_fourway_checkpoint,
          minmay_lindwurm_lava, uniq_urug
D:14:     layout_irregular_city, serial_shops,
          nicolae_shop_pleasant_corner_grove
D:15:     grunt_enter_depths_snipers, layout_cave_pools, serial_shops,
          nicolae_shop_tiny_statue_garden, nicolae_sif_muna_little_library
Temple:   bh_familiar_temple
Lair:1:   layout_big_grid, uniq_erica
Lair:2:   layout_gridlike, guppyfry_snake_entry_garden
Lair:3:   layout_concentric_octagons, minmay_swamp_entry_reptiles,
          nicolae_volcano_entry_s_turn, uniq_sonja
Lair:4:   layout_gridlike, ebering_ghost_rock_garden,
          nicolae_quartered_pool_impasse, worms_lemuel, lemuel_fruit_tree,
          uniq_snorg
Lair:5:   evil_forest, layout_cave_pods, slime_entry_1, serial_bayou_shore_b,
          grunt_megastairs_1
Snake:1:  layout_misc_corridors, nicolae_snake_gridmaze_waves,
          serial_bayou_ford_a, serial_bayou_pond_e, uniq_rupert
Snake:2:  layout_misc_corridors
Snake:3:  layout_chambers, nicolae_elevator_lobby_plus, uniq_saint_roka
Snake:4:  grunt_snake_rune_serpentine_throne, layout_onion, uniq_asterion
Orc:1:    layout_caves, gammafunk_ghost_arena, serial_shops, shop
Orc:2:    st_orc_mages, layout_caves
Elf:1:    layout_geoelf_diagonals, serial_shops, shop, minmay_elf_demonology
Elf:2:    nicolae_elf_blades_crystal_corner, layout_geoelf_diagonals,
          serial_shops, nicolae_shop_behind_doors, portal_desolation_entry_salt,
          nicolae_shop_overcharged_wands, lemuel_upstairs_altar, uniq_roxanne

Skill      XL: |  1  2  3  4  5  6  7  8  9 10 11 12 13 14 15 16 17 18 |
---------------+-------------------------------------------------------+-----
Shields        | 3 4 5 6 7 8 9 10 11 12 13 14 | 14.0
Unarmed Combat | 3 4 5 7 9 11 12 13 15 16 17 18 20 | 20.5
Dodging        | 3 4 5 6 7 8 |  8.0
Evocations     | 1 2 3 4 5 6 |  6.0
Fighting       | 3 4 5 6 7 8 |  8.5
Invocations    | 1 2 3 4 5 7 8 9 10 | 10.0
Stealth        | 1 2 |  2.0
Armour         | 3 4 5 8 9 10 | 10.0
Throwing       | 2 3 4 |  4.1

Action                     |  1- 3 |  4- 6 |  7- 9 | 10-12 | 13-15 | 16-18 || total
---------------------------+-------+-------+-------+-------+-------+-------++-------
  Melee: Unarmed           |    97 |   229 |   223 |   491 |   865 |   802 ||  2707
         Kick              |       |       |       |       |   161 |   229 ||   390
         Headbutt          |       |       |       |       |   105 |   153 ||   258
  Throw: Stone             |       |       |     4 |       |       |       ||     4
         Dart              |       |       |       |    34 |    33 |     4 ||    71
         Boomerang         |       |       |       |     1 |       |       ||     1
         Large rock        |       |       |       |       |     3 |       ||     3
 Invoke: Upheaval          |       |       |     3 |     9 |     7 |     3 ||    22
         Elemental Force   |       |       |       |     1 |       |       ||     1
         Disaster Area     |       |       |       |     1 |       |       ||     1
Ability: Evoke Invisibilit |       |       |       |       |       |     1 ||     1
  Evoke: Wand              |       |       |       |     5 |     2 |    10 ||    17
         Piece from Xom's  |       |       |       |       |     4 |     4 ||     8
         Box of beasts     |       |       |       |       |       |     1 ||     1
    Use: Potion            |       |     2 |     1 |       |     3 |     6 ||    12
         Scroll            |       |       |       |       |    25 |     9 ||    34
   Stab: Sleeping          |     1 |     1 |       |       |       |       ||     2
         Paralysed         |       |       |       |     1 |       |       ||     1
         Petrified         |       |       |       |       |     3 |       ||     3
         Invisible         |       |       |       |       |       |     2 ||     2
 Armour: Robe              |    12 |    95 |    11 |       |       |       ||   118
         Steam dragon scal |       |       |    26 |    11 |       |       ||    37
         Acid dragon scale |       |       |       |   106 |    85 |       ||   191
         Gold dragon scale |       |       |       |       |   116 |   252 ||   368
  Dodge: Dodged            |    28 |   122 |    51 |   111 |   175 |    83 ||   570
         Repelled          |       |       |       |     2 |     7 |    11 ||    20
  Block: Kite shield       |    21 |   150 |   114 |   288 |   663 |   670 ||  1906
         Reflection        |       |       |       |       |       |    55 ||    55
